 Dungeon Crawl Stone Soup version 0.23.2 (webtiles) character file.

Game seed: 12611091852042329876

212 teukkam the Covered (level 5, -6/47 HPs)
             Began as a Minotaur Fighter on Apr 4, 2019.
             Was a Believer of Zin.
             Mangled by an orc
             ... wielding a +0 war axe
              (7 damage)
             ... on level 4 of the Dungeon.
             The game lasted 00:09:50 (2220 turns).

teukkam the Covered (Minotaur Fighter)              Turns: 2220, Time: 00:09:51

Health: -6/47      AC: 10    Str: 22    XL:     5   Next: 58%
Magic:  4/4        EV:  7    Int:  5    God:    Zin [**....]
Gold:   140        SH:  9    Dex:  9    Spells: 4/4 levels left

rFire    . . .     SeeInvis +   c - +0 war axe
rCold    . . .     Gourm    .   n - +0 shield
rNeg     . . .     Faith    .   o - +0 scale mail
rPois    .         Spirit   .   (helmet restricted)
rElec    .         Reflect  .   (no cloak)
rCorr    .         Harm     .   e - +2 pair of gloves
MR       .....                  (no boots)
Stlth    ..........             r - amulet of rage
HPRegen  0.15/turn              i - ring of see invisible
MPRegen  0.09/turn              (no ring)

@: flying, hasted, very quick
A: retaliatory headbutt, horns 2
a: Recite, Vitalisation, Donate Gold, Renounce Religion, Evoke Berserk Rage


You were on level 4 of the Dungeon.
You worshipped Zin.
Zin was pleased with you.
You were not hungry.

You visited 1 branch of the dungeon, and saw 4 of its levels.

You collected 155 gold pieces.
You donated 15 gold pieces to Zin.

Inventory:

Hand Weapons
 a - a +2 mace of venom
 b - a +0 hunting sling
 c - a +0 war axe (weapon)
Missiles
 p - 64 stones (quivered)
Armour
 e - a +2 pair of gloves (worn)
 n - a +0 shield (worn)
 o - a +0 scale mail (worn)
Jewellery
 i - a ring of see invisible (left hand)
 r - an amulet of rage (around neck)
Scrolls
 d - a scroll of random uselessness
 g - 4 scrolls of remove curse {unknown}
 h - a scroll of immolation {unknown}
 j - a scroll of enchant armour {unknown}
 m - 4 scrolls of identify {unknown}
 q - 2 scrolls of fear {unknown}
Comestibles
 f - a ration


   Skills:
 + Level 4.9 Fighting
 - Level 3.7(3.8) Axes
 + Level 1.1(2.6) Maces & Flails
 + Level 1.1 Slings
 + Level 4.9 Armour
 + Level 4.8 Shields


You had 4 spell levels left.
You didn't know any spells.
Your spell library was empty.

Dungeon Overview and Level Annotations

Branches:
Dungeon (4/15)
 Temple: D:4-7

Altars:
Elyvilon
Hepliaklqana
Okawaru
Trog
Wu Jian
Zin


Innate Abilities, Weirdness & Mutations

You reflexively headbutt those who attack you in melee.
You have a pair of horns on your head.


Message History

* * * LOW HITPOINT WARNING * * *
It was a potion of haste.
You feel yourself speed up. The orc wizard casts a spell at you.
The puff of flame hits you.
* * * LOW HITPOINT WARNING * * *
The orc hits you with a +0 war axe.
* * * LOW HITPOINT WARNING * * *
You hit the orc wizard.
You kill the orc wizard!
Your Slings skill increases to level 1!
You closely miss the orc. You barely miss the orc priest.
Your shield and scale mail prevent you from hitting the orc.
The orc hits you but does no damage. You block the orc priest's attack.
Found a worn bronze wand.
You completely miss the orc. The orc barely misses you.
As you read the scroll labeled ROSONYOQOKH, it crumbles to dust.
You hear the ringing of an enormous bell.
It was a scroll of random uselessness.
The orc hits you with a +0 war axe!
You die...

### ## #.. .. #.#
#.
#########.#####.
##......##.##...)
##.#...#.##.##.##.
#.o.o..........##.
#@#)###..##.......
#o#o# #..#########
#/..w....# #
#.#..##.## #
...((##.. #
##..#..... # #..
.(##. # .....(.


You could see an orc priest and 2 orcs.

Vanquished Creatures
  A bullfrog skeleton (D:4)
  2 orc wizards
  A hound skeleton (D:4)
  A gnoll (D:4)
  An adder (D:2)
  An ooze (D:3)
  5 dart slugs
  3 leopard geckos
  6 orcs
  A giant cockroach (D:3)
  11 goblins
  8 hobgoblins
  4 jackals (D:2)
  2 ball pythons (D:3)
  7 bats
  4 frilled lizards
  9 kobolds
  12 rats
79 creatures vanquished.

Notes
Turn   | Place    | Note
-------+----------+-------------------------------------------
     0 | D:1      | teukkam the Minotaur Fighter began the quest for the Orb.
     0 | D:1      | Reached XP level 1. HP: 19/19 MP: 0/0
   108 | D:3      | Found a hazy altar of Hepliaklqana.
   113 | D:3      | Found a white marble altar of Elyvilon.
   113 | D:3      | Found a glowing silver altar of Zin.
   113 | D:3      | Found an iron altar of Okawaru.
   114 | D:3      | Found an ornate altar of the Wu Jian Council.
   121 | D:3      | Became a worshipper of Zin the Law-Giver
   208 | D:3      | Noticed an orc wizard
   209 | D:3      | Reached XP level 2. HP: 27/27 MP: 1/1
   233 | D:3      | Reached XP level 3. HP: 14/33 MP: 2/2
   402 | D:3      | Reached * piety under Zin
   478 | D:2      | Found a bloodstained altar of Trog.
   546 | D:2      | Reached XP level 4. HP: 40/40 MP: 3/3
  1003 | D:2      | Reached ** piety under Zin
  2058 | D:3      | Noticed a hungry ghost
  2151 | D:4      | Reached XP level 5. HP: 47/47 MP: 4/4
  2208 | D:4      | Reached skill level 1 in Maces & Flails
  2214 | D:4      | HP: 2/47 [orc wizard/puff of flame (3)]
  2215 | D:4      | Reached skill level 1 in Slings
  2220 | D:4      | Mangled by an orc

Skill      XL: |  1  2  3  4  5 |
---------------+----------------+-----
Fighting       | 4 |  4.9
Axes           | 3 |  3.7
Armour         | 4 |  4.9
Shields        | 4 |  4.8
Maces & Flails | 1 |  1.1
Slings         | 1 |  1.1

Action                   |  1- 3 |  4- 6 || total
-------------------------+-------+-------++-------
Melee: War axe           |    70 |    69 ||   139
       Headbutt          |     6 |    18 ||    24
       Mace              |       |    40 ||    40
 Fire: Hunting sling     |       |    19 ||    19
  Use: Potion            |     1 |     2 ||     3
       Scroll            |       |     1 ||     1
  Eat: Chunk             |       |     2 ||     2
       Ration            |       |     1 ||     1
Armor: Scale mail        |    37 |    51 ||    88
Dodge: Dodged            |    19 |    33 ||    52
Block: Shield            |    39 |    68 ||   107
